 Dungeon Crawl Stone Soup version 0.30-a0-743-gbfdf073431 (webtiles) character file.

Game seed: 520935151068843199

4 Legacy the Trooper (level 1, -2/20 HPs)
             Began as a Minotaur Berserker on Feb 5, 2023.
             Was a Follower of Trog.
             Succumbed to a kobold's poison
             ... on level 1 of the Dungeon.
             The game lasted 00:00:14 (115 turns).

Legacy the Trooper (Minotaur Berserker)              Turns: 115, Time: 00:00:15

Health: -2/20      AC:  8    Str: 21    XL:     1   Next: 58%
Magic:  0/0        EV:  8    Int:  4    God:    Trog [*.....]
Gold:   35         SH:  0    Dex:  9    Spells: 0/0 levels left

rFire   . . .      SeeInvis .    a - +0 hand axe
rCold   . . .      Faith    .    (no shield)
rNeg    . . .      Spirit   .    d - +0 chain mail
rPois   .          Reflect  .    (helmet restricted)
rElec   .          Harm     .    (no cloak)
rCorr   .          Rampage  .    (no gloves)
Will    .....                    (no boots) Stlth
                                 (no amulet)
HPRegen 0.23/turn                (no ring)
MPRegen 0.07/turn                (no ring)

@: lethally poisoned (-2 -> -17)
A: horns 2, retaliatory headbutt
a: Renounce Religion, Berserk


You were on level 1 of the Dungeon.
You worshipped Trog.
Trog was aware of your devotion.
You visited 1 branch of the dungeon, and saw 1 of its levels.

You collected 35 gold pieces.

Inventory:

Hand Weapons
 a - a +0 hand axe (weapon)
Armour
 b - a +0 animal skin
 d - a +0 chain mail (worn)
Scrolls
 c - a scroll of identify {unknown}


   Skills:
 + Level 4.1 Fighting
 - Level 3.6 Axes
 - Level 2.4 Armour
 - Level 2.1 Dodging


You couldn't memorise any spells.
You didn't know any spells.
Your spell library was empty.

Dungeon Overview and Level Annotations

Branches:
Dungeon (1/15)

Altars:


Innate Abilities, Weirdness & Mutations

You have a pair of horns on your head.
You reflexively headbutt those who attack you in melee.


Message History

The kobold hits you but does no damage.
The kobold throws a stone.
The stone hits you.
You see here 10 gold pieces.
You hit the kobold.
You kill the kobold!
Trog accepts your kill.
Your Fighting skill increases to level 4!
You now have 35 gold pieces (gained 10).
Things that are here:
a +0 club; 4 stones; a kobold corpse
Found a robe.
You open the door.
There is an open door here.
You open the door.
A kobold comes into view. It is wielding a +2 dagger of venom.
The kobold shouts!
You closely miss the kobold. The kobold hits you but does no damage.
You are poisoned.
You closely miss the kobold.
You feel sick. The kobold barely misses you. You furiously retaliate!
You headbutt the kobold. You miss the kobold.
The kobold is moderately wounded.
You feel sick.
The kobold hits you with a +2 dagger of venom.
You are lethally poisoned!
The kobold hits you but does no damage.
You are more poisoned.
You hit the kobold but do no damage.
The kobold is moderately wounded.
You feel extremely sick. The kobold barely misses you.
You barely miss the kobold.
The kobold is moderately wounded.
* * * LOW HITPOINT WARNING * * *
You feel very sick.
The kobold hits you with a +2 dagger of venom.
* * * LOW HITPOINT WARNING * * *
You barely miss the kobold.
The kobold is moderately wounded.
You die...

.....+.. .....#≈≈ ##
## .......≈ .. ...
#.....#+##.###.#
..............#...#
..... .........#
#+###.####....###..#
#.K@....'.......#..#
#+#####.#+#.###.#.#..#
#.....#.#...# ....#
#..<..#.#[#.#######..#
#..>..#+#.#..........#
#.....#.#.########....
+.....'.#.............
#######.###..#####....
#.....'..# #....


You could see a kobold.

Vanquished Creatures
  A dart slug (D:1)
  A kobold (D:1)
  A ball python (D:1)
3 creatures vanquished.

Notes
Turn   | Place    | Note
-------+----------+-------------------------------------------
     0 | D:1      | Legacy the Minotaur Berserker began the quest for the Orb.
     0 | D:1      | Reached XP level 1. HP: 19/19 MP: 0/0
    79 | D:1      | Reached skill level 4 in Fighting
   115 | D:1      | Succumbed to a kobold's poison

Illustrated notes

Levels and vault maps discovered:
D:1:      shiori_arrival_maze, layout_basic, serial_shops,
          nicolae_shop_hallway_plus, hellmonk_ecumenical_altar_prayer_group

Skill      XL: |  1 |
---------------+----+-----
Fighting       | 4 |  4.1
Axes           | |  3.6
Armour         | |  2.4
Dodging        | |  2.1

Action                     || total
---------------------------++-------
  Melee: Hand axe          ||    12
         Headbutt          ||     1
         Punch             ||     1
 Armour: Chain mail        ||    10
  Dodge: Dodged            ||     5

Table legend: (Time is in decaauts)
 A = Elapsed time spent in this place.
 B = Non-inter-level travel time spent in this place.
 C = Inter-level travel time spent in this place.
 D = Time resting spent in this place.
 E = Time spent auto-exploring this place.
 F = Levels seen in this place.
 G = Mean time per level.
                   A        B        C        D        E       F      G
               +--------+--------+--------+--------+--------+-----+--------+
         Total |    116 |    116 |      0 |      0 |      0 |   1 |  116.0 |
       Dungeon |    116 |    116 |      0 |      0 |      0 |   1 |  116.0 |
               +--------+--------+--------+--------+--------+-----+--------+

Top non-repeatable levels by time:
     D:1: 116 daAuts
